 Dungeon Crawl Stone Soup version 0.28.0-45-g0d030f2227 (webtiles) character file.

Game seed: 5017423087136075679

4137 DearestLeader the Blocker (level 10, 0/75 (82) HPs)
             Began as a Gnoll Fighter on Apr 22, 2022.
             Was a Believer of Okawaru.
             Succumbed to a killer bee's poison
             ... on level 8 of the Dungeon.
             The game lasted 00:15:06 (10080 turns).

DearestLeader the Blocker (Gnoll Fighter)          Turns: 10080, Time: 00:15:07

HP:   0/75 (82)     AC: 17    Str: 20    XL:     10   Next: 27%
MP:   17/17         EV: 12    Int:  8    God:    Okawaru [**....]
Gold: 411           SH:  6    Dex: 11    Spells: 19/19 levels left

rFire   . . .      SeeInvis .   f - +2 hand axe (elec)
rCold   + + .      Faith    .   c - +0 buckler
rNeg    . . .      Spirit   .   C - +6 ring mail of Boodd {rC+}
rPois   .          Reflect  .   (no helmet)
rElec   .          Harm     .   v - +0 cloak
rCorr   +          Rampage  .   g - +0 pair of gloves
Will    .....                   q - +0 pair of boots
Stlth   ++........              h - amulet of the acrobat
HPRegen 0.22/turn               p - ring of resist corrosion
MPRegen 0.15/turn               t - ring of protection from cold

@: lethally poisoned (0 -> -21), attractive, drained
A: fangs 1, strong nose, distributed training
a: Renounce Religion, Heroism


You were on level 8 of the Dungeon.
You worshipped Okawaru.
Okawaru was pleased with you.
You visited 2 branches of the dungeon, and saw 10 of its levels.

You collected 411 gold pieces.

Inventory:

Hand Weapons
 a - a +3 mace of freezing
 b - a +1 short sword of holy wrath
 f - a +2 hand axe of electrocution (weapon)
 j - a +2 flail of freezing
 z - a +2 trident of venom
Missiles
 u - 3 poisoned darts (quivered)
Armour
 c - a +0 buckler (worn)
 g - a +0 pair of gloves (worn)
 n - a +0 plate armour
 q - a +0 pair of boots (worn)
 v - a +0 cloak (worn)
 C - the +6 ring mail of Boodd (worn) {rC+}
   (You found it on level 8 of the Dungeon)

   rC:        It protects you from cold.
Jewellery
 h - an amulet of the acrobat (around neck)
 p - a ring of resist corrosion (left hand)
 t - a ring of protection from cold (right hand)
Wands
 s - a wand of flame (26)
Scrolls
 d - a scroll of immolation
 e - 2 scrolls of blinking
 i - a scroll of enchant weapon {unknown}
 k - 3 scrolls of enchant armour {unknown}
 l - 4 scrolls of fog
 m - 5 scrolls of identify
 x - 2 scrolls of summoning {unknown}
 y - 2 scrolls of amnesia {unknown}
 A - 2 scrolls of teleportation
Potions
 r - 2 potions of degeneration
 w - a potion of attraction
 B - a potion of berserk rage {unknown}


   Skills:
 + Level 8.4 Fighting
 + Level 5.1 Short Blades
 + Level 5.1 Long Blades
 + Level 6.9 Axes
 + Level 5.1 Maces & Flails
 + Level 5.1 Polearms
 + Level 5.1 Staves
 + Level 5.1 Slings
 + Level 5.1 Bows
 + Level 5.1 Crossbows
 + Level 5.1 Throwing
 + Level 8.4 Armour
 + Level 5.1 Dodging
 + Level 5.1 Stealth
 + Level 8.4 Shields
 + Level 5.1 Unarmed Combat
 + Level 5.1 Spellcasting
 + Level 4.2 Conjurations
 + Level 4.2 Hexes
 + Level 4.2 Summonings
 + Level 4.2 Necromancy
 + Level 4.2 Translocations
 + Level 4.2 Transmutations
 + Level 4.2 Fire Magic
 + Level 4.2 Ice Magic
 + Level 4.2 Air Magic
 + Level 4.2 Earth Magic
 + Level 4.2 Poison Magic
 + Level 5.6 Invocations
 + Level 5.1 Evocations


You had 19 spell levels left.
You didn't know any spells.
Your spell library contained the following spells:

 Spells                   Type           Power      Damage    Failure   Level
 Freeze                   Ice            32%        1d5       9%          1
 Ensorcelled Hibernation  Hex/Ice        16%        N/A       13%         2
 Passwall                 Tmut/Erth      6%         N/A       13%         2
 Scorch                   Fire           16%        2d5       13%         2
 Sublimation of Blood     Necr           8%         N/A       13%         2
 Frozen Ramparts          Ice            16%        1d3       26%         3
 Ozocubu's Armour         Ice            8%         N/A       26%         3
 Portal Projectile        Hex/Tloc       16%        N/A       26%         3
 Swiftness                Air            8%         N/A       26%         3
 Flame Wave               Conj/Fire      8%         2d5       65%         4
 Fulminant Prism          Conj/Hex       4%         3d6       65%         4
 Hailstorm                Conj/Ice       8%         3d4       65%         4
 Iskenderun's Mystic Bla  Conj/Tloc      8%         2d4       65%         4
 Leda's Liquefaction      Hex/Erth       4%         N/A       65%         4
 Petrify                  Tmut/Erth      8%         N/A       65%         4
 Blade Hands              Tmut           4%         N/A       94%         5
 Excruciating Wounds      Necr           4%         N/A       94%         5
 Irradiate                Conj/Tmut      4%         3d15      94%         5
 Lee's Rapid Deconstruct  Erth           4%         3d6*      94%         5
 Orb of Destruction       Conj           4%         9d5       100%        7
 Ozocubu's Refrigeration  Ice            4%         4d5       100%        7
 Call Canine Familiar     Summ           Unusable   N/A       N/A         3
 Summon Guardian Golem    Hex/Summ       Unusable   N/A       N/A         3
 Summon Cactus Giant      Summ           Unusable   N/A       N/A         6
 Spellforged Servitor     Conj/Summ      Unusable   N/A       N/A         7

Dungeon Overview and Level Annotations

Branches:
Dungeon (9/15)             Temple (1/1) D:5
   Lair: D:8-11         Orc: D:9-12

Altars:
Elyvilon
Fedhas
Hepliaklqana
Makhleb
Nemelex Xobeh
Okawaru
Ru
Uskayaw
Vehumet
Xom

Shops:
D:4 *


Innate Abilities, Weirdness & Mutations

You have very sharp teeth.
Your uncanny sense of smell can sniff out nearby items.
Your experience applies equally to all skills.


Message History

You block the killer bee's attack. The killer bee barely misses you.
The killer bee stings you but does no damage.
You block the killer bee's attack. You block the killer bee's attack.
The killer bee stings you.
* * * LOW HITPOINT WARNING * * *
You are poisoned.
The killer bee poisons you!
You feel very sick. The killer bee completely misses you.
The killer bee stings you but does no damage.
There is a stone staircase leading up here.
You feel sick. The killer bee misses you. The killer bee stings you.
* * * LOW HITPOINT WARNING * * *
The killer bee closely misses you. You block the killer bee's attack.
You climb upwards.
Reactivating autopickup.
You feel sick.
There is a stone staircase leading down here.
You feel better. The killer bee completely misses you.
You block the killer bee's attack.
The killer bee stings you but does no damage. x2
Okay, then.
Your +3 mace of freezing stops glowing.
You hear the crackle of electricity.
f - a +2 hand axe of electrocution (weapon)
The killer bee stings you.
* * * LOW HITPOINT WARNING * * *
The killer bee completely misses you.
You slash the killer bee!
The killer bee is heavily wounded.
You barely miss the killer bee. The killer bee stings you.
* * * LOW HITPOINT WARNING * * *
You are lethally poisoned!
The killer bee poisons you! The killer bee stings you.
* * * LOW HITPOINT WARNING * * *
You are more poisoned.
The killer bee poisons you! The killer bee barely misses you. x2
It was a potion of attraction.
You feel attractive to monsters.
You die...

##.## #.......## # #..#
##........## # #..#
#..........### ##.##
##............. #..#
##..###......... ##.## ##...#
##........ #..## #...##
##....... ##..#####..##
###..... #....##@y## ##....
##.....y.# ##...## ##<.....##
##.).># ##....#...##
###.....#
##...###....#####....#..#
####...####.....##.....##..##
#....#####............)##...#
##).###.................#...#
##[##...........##.....##..#


You could see 2 killer bees.

Vanquished Creatures
  A hornet (D:5)
  Grinder (D:5)
  A wyvern (D:8)
  2 steam dragons
  3 water moccasins
  An orc warrior (D:6)
  2 sky beasts
  2 ice beasts (D:7)
  5 ogres
  3 necrophages
  A centaur (D:6)
  A phantom (D:7)
  Blork the orc (D:5)
  2 bullfrogs
  A water moccasin zombie (D:7)
  3 killer bees
  3 howler monkeys
  13 wights
  A centaur zombie (D:9)
  2 bullfrog zombies
  3 bullfrog skeletons (D:6)
  A hound (D:7)
  3 jellies
  2 orc priests
  An iguana (D:4)
  3 orc wizards
  2 killer bee zombies
  A hound skeleton (D:4)
  A howler monkey zombie (D:6)
  5 adders
  2 white imps
  2 worms
  2 dart slugs
  31 orcs
  5 bats
  6 endoplasms
  3 giant cockroaches
  8 goblins
  4 hobgoblins
  6 jackals
  4 kobolds
  A quokka (D:1)
  5 ball pythons
  2 frilled lizards
  5 rats
157 creatures vanquished.

Vanquished Creatures (others)
  An adder (D:5)
1 creature vanquished.

Grand Total: 158 creatures vanquished

Notes
Turn   | Place    | Note
-------+----------+-------------------------------------------
     0 | D:1      | DearestLeader the Gnoll Fighter began the quest for the
                  | Orb.
     0 | D:1      | Reached XP level 1. HP: 23/23 MP: 1/1
   256 | D:1      | Reached XP level 2. HP: 25/29 MP: 2/2
   670 | D:1      | Found a faded altar of an unknown god.
  1054 | D:2      | Reached XP level 3. HP: 35/35 MP: 3/3
  1275 | D:2      | Reached skill level 1 in Invocations
  1275 | D:2      | Found a blossoming altar of Fedhas.
  1284 | D:2      | Reached skill level 1 in Short Blades
  1284 | D:2      | Reached skill level 1 in Long Blades
  1284 | D:2      | Reached skill level 1 in Maces & Flails
  1284 | D:2      | Reached skill level 1 in Polearms
  1284 | D:2      | Reached skill level 1 in Staves
  1284 | D:2      | Reached skill level 1 in Slings
  1284 | D:2      | Reached skill level 1 in Bows
  1284 | D:2      | Reached skill level 1 in Crossbows
  1284 | D:2      | Reached skill level 1 in Throwing
  1284 | D:2      | Reached skill level 1 in Dodging
  1284 | D:2      | Reached skill level 1 in Stealth
  1284 | D:2      | Reached skill level 1 in Unarmed Combat
  1284 | D:2      | Reached skill level 1 in Spellcasting
  1284 | D:2      | Reached skill level 1 in Evocations
  1573 | D:2      | Reached XP level 4. HP: 41/41 MP: 5/5
  1757 | D:2      | Identified the +1 leather armour "Kinlukk" {rElec rCorr
                  | Str-2 Dex-5}
  2374 | D:3      | Reached skill level 1 in Conjurations
  2374 | D:3      | Reached skill level 1 in Hexes
  2374 | D:3      | Reached skill level 1 in Summonings
  2374 | D:3      | Reached skill level 1 in Necromancy
  2374 | D:3      | Reached skill level 1 in Translocations
  2374 | D:3      | Reached skill level 1 in Transmutations
  2374 | D:3      | Reached skill level 1 in Fire Magic
  2374 | D:3      | Reached skill level 1 in Ice Magic
  2374 | D:3      | Reached skill level 1 in Air Magic
  2374 | D:3      | Reached skill level 1 in Earth Magic
  2374 | D:3      | Reached skill level 1 in Poison Magic
  2900 | D:4      | Noticed an ogre
  2908 | D:4      | Killed an ogre
  2909 | D:4      | Reached XP level 5. HP: 36/47 MP: 5/7
  2979 | D:4      | Reached XP level 6. HP: 52/53 MP: 8/8
  3009 | D:4      | Noticed a steam dragon
  3015 | D:4      | Found Fitajau's General Store.
  3019 | D:4      | HP: 2/53 [steam dragon/ball of steam (8)]
  3405 | D:5      | Entered Level 5 of the Dungeon
  3446 | D:6      | Noticed a necrophage
  3447 | D:6      | Reached skill level 5 in Axes
  3458 | D:6      | Killed a necrophage
  3463 | D:6      | Reached XP level 7. HP: 16/59 MP: 10/10
  3802 | D:6      | Noticed a steam dragon
  3828 | D:6      | Killed a steam dragon
  4363 | D:6      | Found a sacrificial altar of Ru.
  4415 | D:6      | Reached XP level 8. HP: 20/67 MP: 12/12
  4423 | D:6      | HP: 1/67 [orc/+2 hand axe of electrocution (20)]
  5304 | D:5      | Found a staircase to the Ecumenical Temple.
  5339 | Temple   | Entered the Ecumenical Temple
  5453 | Temple   | Became a worshipper of Warmaster Okawaru
  5508 | D:5      | Noticed a hornet
  5518 | D:5      | Killed a hornet
  5531 | D:5      | Reached XP level 9. HP: 60/72 MP: 14/14
  5645 | D:5      | Noticed Grinder
  5653 | D:5      | Killed Grinder
  5653 | D:5      | Reached * piety under Okawaru
  5869 | D:5      | Found a blossoming altar of Fedhas.
  5975 | D:5      | Found a hazy altar of Hepliaklqana.
  5976 | D:5      | Noticed Blork the orc
  5996 | D:5      | Killed Blork the orc
  6073 | D:5      | Found a radiant altar of Vehumet.
  6632 | D:7      | Reached skill level 5 in Invocations
  6707 | D:7      | Reached ** piety under Okawaru
  7416 | D:7      | Reached XP level 10. HP: 51/75 MP: 17/17
  8171 | D:8      | Reached skill level 5 in Short Blades
  8171 | D:8      | Reached skill level 5 in Long Blades
  8171 | D:8      | Reached skill level 5 in Maces & Flails
  8171 | D:8      | Reached skill level 5 in Polearms
  8171 | D:8      | Reached skill level 5 in Staves
  8171 | D:8      | Reached skill level 5 in Slings
  8171 | D:8      | Reached skill level 5 in Bows
  8171 | D:8      | Reached skill level 5 in Crossbows
  8171 | D:8      | Reached skill level 5 in Throwing
  8171 | D:8      | Reached skill level 5 in Dodging
  8171 | D:8      | Reached skill level 5 in Stealth
  8171 | D:8      | Reached skill level 5 in Unarmed Combat
  8171 | D:8      | Reached skill level 5 in Spellcasting
  8171 | D:8      | Reached skill level 5 in Evocations
  9110 | D:8      | Identified the +6 ring mail of Boodd {rC+}
  9768 | D:9      | Found a sparkling altar of Nemelex Xobeh.
 10047 | D:9      | Noticed a four-headed hydra
 10080 | D:8      | Succumbed to a killer bee's poison

Illustrated notes

Levels and vault maps discovered:
D:1:      dpeg_arrival_simpleton_c, layout_loops_ring,
          chequers_ecumenical_altar_island
D:2:      minmay_diamond_boxcup, layout_loops_ring, basic_altar,
          chequers_serial_rivers_small_3, hangedman_decor_growths,
          minmay_misc_feat_columns
D:3:      layout_basic
D:4:      layout_cave_pools, mainiacjoe_overflow_small_starburst, serial_shops,
          shop, nicolae_wooded_promenade, chequers_serial_rivers_micro_a,
          nicolae_underground_beach
D:5:      layout_basic, mainiacjoe_overflow_brackets,
          nicolae_overflow_hidden_temple, minmay_temple_entry_mini_moons,
          minmay_stone_trees_small, nicolae_fountain_basement,
          uniq_blork_the_orc, uniq_grinder
D:6:      layout_loops_ring, nicolae_ru_awakened_eye
D:7:      minmay_recursive_quarters, layout_gridville, hangedman_minor_gate_pass
D:8:      layout_layer_cave, minmay_parallelograms
D:9:      layout_grid_maze, mainiacjoe_overflow_boulevard, minmay_circle_x
Temple:   regret_index_temple_generic_petals

Skill      XL: |  1  2  3  4  5  6  7  8  9 10 |
---------------+-------------------------------+-----
Invocations    | 1 2 3 4 5 |  5.6
Short Blades   | 1 2 3 4 5 |  5.1
Long Blades    | 1 2 3 4 5 |  5.1
Maces & Flails | 1 2 3 4 5 |  5.1
Polearms       | 1 2 3 4 5 |  5.1
Staves         | 1 2 3 4 5 |  5.1
Slings         | 1 2 3 4 5 |  5.1
Bows           | 1 2 3 4 5 |  5.1
Crossbows      | 1 2 3 4 5 |  5.1
Throwing       | 1 2 3 4 5 |  5.1
Dodging        | 1 2 3 4 5 |  5.1
Stealth        | 1 2 3 4 5 |  5.1
Unarmed Combat | 1 2 3 4 5 |  5.1
Spellcasting   | 1 2 3 4 5 |  5.1
Evocations     | 1 2 3 4 5 |  5.1
Conjurations   | 1 2 3 4 |  4.2
Hexes          | 1 2 3 4 |  4.2
Summonings     | 1 2 3 4 |  4.2
Necromancy     | 1 2 3 4 |  4.2
Translocations | 1 2 3 4 |  4.2
Transmutations | 1 2 3 4 |  4.2
Fire Magic     | 1 2 3 4 |  4.2
Ice Magic      | 1 2 3 4 |  4.2
Air Magic      | 1 2 3 4 |  4.2
Earth Magic    | 1 2 3 4 |  4.2
Poison Magic   | 1 2 3 4 |  4.2
Axes           | 5 6 |  6.9
Fighting       | 7 8 |  8.4
Armour         | 7 8 |  8.4
Shields        | 7 8 |  8.4

Action                   |  1- 3 |  4- 6 |  7- 9 | 10-12 || total
-------------------------+-------+-------+-------+-------++-------
Melee: War axe           |    81 |   128 |    87 |       ||   296
       Bite              |     7 |    12 |    42 |     6 ||    67
       Short sword       |       |    11 |       |       ||    11
       Hand axe          |       |       |   202 |   104 ||   306
       Trident           |       |       |     1 |       ||     1
       Mace              |       |       |       |     4 ||     4
  Use: Scroll            |       |     6 |     1 |     1 ||     8
       Potion            |       |     4 |     3 |     2 ||     9
 Stab: Invisible         |       |     2 |       |       ||     2
Armor: Scale mail        |    31 |       |       |       ||    31
       Plate armour      |    11 |   104 |   157 |    25 ||   297
       Ring mail         |       |       |       |    28 ||    28
Dodge: Dodged            |    40 |    55 |    71 |    54 ||   220
Block: Buckler           |    29 |    37 |    51 |    36 ||   153
